3L
MONTANA PANDAS @ FT. WORTH CATTLEMEN
06/29/2030
 
TOP OF THE 1ST
Montana Pandas batting - Pitching for Ft. Worth Cattlemen : RHP Mack MacDonald
Pitching: RHP Mack MacDonald
Batting: RHB Chriss Mann 0-0: Ball
1-0: Ball
2-0: Ball
3-0: Base on Balls
Batting: LHB Chris McKinney 0-0: Ball
1-0: Ball
2-0: Ball
3-0: Base on Balls
Chriss Mann to second
Batting: RHB Phil Sherman 0-0: Ball
1-0: DOUBLE (Line Drive, 78D)
Chriss Mann scores
Chris McKinney to third
Batting: RHB Willis Kirkendall 0-0: Ball
1-0: Foul Ball, location: 2F
1-1: SINGLE (Line Drive, 6D)
Chris McKinney scores
Phil Sherman to third
Batting: RHB Armando Alvarado 0-0: Ball
1-0: Swinging Strike
1-1: Called Strike
1-2: Ball
2-2: Strikes out looking
Batting: LHB Melvin Castro 0-0: Ball
1-0: Ball
2-0: Called Strike
2-1: Swinging Strike
2-2: Ball
3-2: Base on Balls
Willis Kirkendall to second
Batting: RHB Casey Cavell 0-0: Called Strike
0-1: Ball
1-1: Ball
2-1: Ball
3-1: Foul Ball, location: 2F
3-2: Strikes out looking
Batting: RHB Jay Parker 0-0: Foul Ball, location: 2F
0-1: Ball
1-1: Ground out 4-3 (Groundball, 4)
Top of the 1st over - 2 runs, 2 hits, 0 errors, 3 left on base; Montana 2 - Ft. Worth 0
BOTTOM OF THE 1ST
Ft. Worth Cattlemen batting - Pitching for Montana Pandas : LHP Morlack Spurgeon
Pitching: LHP Morlack Spurgeon
Batting: LHB Jesús Morales 0-0: Ground out 4-3 (Groundball, 4)
Batting: RHB Jesús Martínez 0-0: Ball
1-0: Called Strike
1-1: Ball
2-1: Ball
3-1: Called Strike
3-2: Ground out 4-3 (Groundball, 34)
Batting: RHB Bart Lewis 0-0: Ball
1-0: Swinging Strike
1-1: Called Strike
1-2: Ball
2-2: Fly out, F8 (Flyball, 8LXD)
Bottom of the 1st over - 0 runs, 0 hits, 0 errors, 0 left on base; Montana 2 - Ft. Worth 0
TOP OF THE 2ND
Montana Pandas batting - Pitching for Ft. Worth Cattlemen : RHP Mack MacDonald
Batting: RHB Bernardo Herrera 0-0: Ball
1-0: Ball
2-0: Ball
3-0: Called Strike
3-1: Base on Balls
Batting: RHB Chriss Mann 0-0: Ball
Bernardo Herrera is caught stealing 2nd base
1-0: Ball
2-0: Ball
3-0: Called Strike
3-1: Called Strike
3-2: Ground out 6-3 (Groundball, 6)
Batting: LHB Chris McKinney 0-0: Ball
1-0: Foul Ball, location: 2F
1-1: Foul Ball, location: 2F
1-2: Foul Ball, location: 2F
1-2: Fly out, F9 (Flyball, 9LD)
Top of the 2nd over - 0 runs, 0 hits, 0 errors, 0 left on base; Montana 2 - Ft. Worth 0
BOTTOM OF THE 2ND
Ft. Worth Cattlemen batting - Pitching for Montana Pandas : LHP Morlack Spurgeon
Batting: RHB Gilberto Juárez 0-0: Ball
1-0: SINGLE (Line Drive, 56)
Batting: LHB Rick Mayfield 0-0: Called Strike
0-1: Called Strike
Gilberto Juárez steals 2nd base
0-2: Ball
1-2: Ball
2-2: Foul Ball, location: 2F
2-2: DOUBLE (Line Drive, 9LD)
Gilberto Juárez scores
Batting: SHB Marcos Roa 0-0: Ball
1-0: Called Strike
1-1: Ball
2-1: Ground out 5-3 (Groundball, 56S)
Rick Mayfield to third
Batting: LHB Nobuo Yamashita 0-0: Ball
1-0: DOUBLE (Line Drive, 89XD)
Rick Mayfield scores
Batting: LHB Chris Etheridge 0-0: Ball
1-0: Ground out 4-3 (Groundball, 4)
Nobuo Yamashita to third
Batting: RHB Orlando Montoya 0-0: Foul Ball, location: 2F
0-1: Ball
1-1: Ball
2-1: Foul Ball, location: 2F
2-2: Ball
3-2: Strikes out swinging
Bottom of the 2nd over - 2 runs, 3 hits, 0 errors, 1 left on base; Montana 2 - Ft. Worth 2
TOP OF THE 3RD
Montana Pandas batting - Pitching for Ft. Worth Cattlemen : RHP Mack MacDonald
Batting: RHB Phil Sherman 0-0: Called Strike
0-1: Called Strike
0-2: Strikes out swinging
Batting: RHB Willis Kirkendall 0-0: Ball
1-0: Ball
2-0: Foul Ball, location: 2F
2-1: Foul Ball, location: 2F
2-2: Foul Ball, location: 2F
2-2: Strikes out swinging
Batting: RHB Armando Alvarado 0-0: Called Strike
0-1: Ball
1-1: TRIPLE (Flyball, 89XD)
Batting: LHB Melvin Castro 0-0: Ball
1-0: Ball
2-0: Ball
3-0: Called Strike
3-1: Called Strike
3-2: Base on Balls
Batting: RHB Casey Cavell 0-0: Ball
1-0: Ball
2-0: Fly out, F8 (Flyball, 89M)
Top of the 3rd over - 0 runs, 1 hit, 0 errors, 2 left on base; Montana 2 - Ft. Worth 2
BOTTOM OF THE 3RD
Ft. Worth Cattlemen batting - Pitching for Montana Pandas : LHP Morlack Spurgeon
Batting: LHB Jesús Morales 0-0: Fly out, F7 (Line Drive, 78D)
Batting: RHB Jesús Martínez 0-0: Ball
1-0: Fly out, F7 (Flyball, 7LD)
Batting: RHB Bart Lewis 0-0: Ball
1-0: Swinging Strike
1-1: Swinging Strike
1-2: Ball
2-2: Ball
3-2: Strikes out looking
Bottom of the 3rd over - 0 runs, 0 hits, 0 errors, 0 left on base; Montana 2 - Ft. Worth 2
TOP OF THE 4TH
Montana Pandas batting - Pitching for Ft. Worth Cattlemen : RHP Mack MacDonald
Batting: RHB Jay Parker 0-0: Ground out 5-3 (Groundball, 56)
Batting: RHB Bernardo Herrera 0-0: Foul Ball, location: 2F
0-1: Ball
1-1: Ball
2-1: Swinging Strike
2-2: Strikes out looking
Batting: RHB Chriss Mann 0-0: Foul Ball, location: 2F
0-1: Foul Ball, location: 2F
0-2: Foul Ball, location: 2F
0-2: Ball
1-2: Ball
2-2: Foul Ball, location: 2F
2-2: Foul Ball, location: 2F
2-2: Foul Ball, location: 2F
2-2: Ball
3-2: Foul Ball, location: 2F
3-2: Ground out 6-3 (Groundball, 6)
Top of the 4th over - 0 runs, 0 hits, 0 errors, 0 left on base; Montana 2 - Ft. Worth 2
BOTTOM OF THE 4TH
Ft. Worth Cattlemen batting - Pitching for Montana Pandas : LHP Morlack Spurgeon
Batting: RHB Gilberto Juárez 0-0: Called Strike
0-1: Ball
1-1: SINGLE (Groundball, 56D)
Batting: LHB Rick Mayfield 0-0: Called Strike
Gilberto Juárez steals 2nd base
0-1: Ball
1-1: Called Strike
1-2: Foul Ball, location: 2F
1-2: Ball
2-2: Foul Ball, location: 2F
2-2: SINGLE (Line Drive, 9S)
Gilberto Juárez to third
Batting: SHB Marcos Roa 0-0: Called Strike
Rick Mayfield steals 2nd base
0-1: Fly out, F8 (Line Drive, 8LD)
Runner from 3rd tags up, SCORES, no throw
Batting: LHB Nobuo Yamashita 0-0: Called Strike
0-1: Called Strike
0-2: Strikes out looking
Batting: LHB Chris Etheridge 0-0: Fly out, F4 (Line Drive, 34)
Bottom of the 4th over - 1 run, 2 hits, 0 errors, 1 left on base; Montana 2 - Ft. Worth 3
TOP OF THE 5TH
Montana Pandas batting - Pitching for Ft. Worth Cattlemen : RHP Mack MacDonald
Batting: LHB Chris McKinney 0-0: Called Strike
0-1: Foul Ball, location: 2F
0-2: Hit by Pitch
Pitching: RHP Sukejuro Yokoyama
Batting: RHB Phil Sherman 0-0: Called Strike
0-1: Called Strike
0-2: SINGLE (Groundball, 56D)
Chris McKinney to second
Batting: RHB Willis Kirkendall 0-0: Called Strike
0-1: Foul Ball, location: 2F
0-2: Foul Ball, location: 2F
0-2: Ball
1-2: Grounds into double play, 6-4-3 (Groundball, 6)
Chris McKinney to third
Batting: RHB Armando Alvarado 0-0: Ball
1-0: Swinging Strike
1-1: Foul Ball, location: 2F
1-2: Foul Ball, location: 2F
Balk!
Chris McKinney scores
1-2: Ball
2-2: Ball
3-2: SINGLE (Line Drive, 6MD)
Batting: LHB Melvin Castro 0-0: Called Strike
0-1: Called Strike
Armando Alvarado steals 2nd base
0-2: Ball
1-2: Ball
2-2: SINGLE (Line Drive, 8RS)
Armando Alvarado to third
Runner from 3rd tries for Home, SAFE, no throw
Batting: RHB Casey Cavell 0-0: Ground out 5-3 (Groundball, 56)
Top of the 5th over - 2 runs, 3 hits, 0 errors, 1 left on base; Montana 4 - Ft. Worth 3
BOTTOM OF THE 5TH
Ft. Worth Cattlemen batting - Pitching for Montana Pandas : LHP Morlack Spurgeon
Batting: RHB Orlando Montoya 0-0: Ball
1-0: Ground out 3-1 (Groundball, 34)
Batting: LHB Jesús Morales 0-0: Fly out, F4 (Flyball, 4D)
Batting: RHB Jesús Martínez 0-0: SOLO HOME RUN (Flyball, 9D), Distance : 379 ft
Batting: RHB Bart Lewis 0-0: Ball
1-0: Called Strike
1-1: Swinging Strike
1-2: Ball
2-2: Fly out, F8 (Flyball, 8RM)
Bottom of the 5th over - 1 run, 1 hit, 0 errors, 0 left on base; Montana 4 - Ft. Worth 4
TOP OF THE 6TH
Montana Pandas batting - Pitching for Ft. Worth Cattlemen : RHP Sukejuro Yokoyama
Batting: RHB Jay Parker 0-0: Called Strike
0-1: Called Strike
0-2: Ball
1-2: Strikes out looking
Batting: RHB Bernardo Herrera 0-0: Called Strike
0-1: Ground out 6-3 (Groundball, 6M)
Batting: RHB Chriss Mann 0-0: Foul Ball, location: 2F
0-1: Ball
1-1: Ball
2-1: Swinging Strike
2-2: Strikes out looking
Top of the 6th over - 0 runs, 0 hits, 0 errors, 0 left on base; Montana 4 - Ft. Worth 4
BOTTOM OF THE 6TH
Ft. Worth Cattlemen batting - Pitching for Montana Pandas : LHP Morlack Spurgeon
Batting: RHB Gilberto Juárez 0-0: Called Strike
0-1: Called Strike
0-2: Foul Ball, location: 2F
0-2: Ground out 1-3 (Groundball, 15S)
Batting: LHB Rick Mayfield 0-0: Ball
1-0: Swinging Strike
1-1: Foul Ball, location: 2F
1-2: Ball
2-2: Ball
3-2: Foul Ball, location: 2F
3-2: DOUBLE (Line Drive, 8RD)
Pitching: RHP Natalino Golaio
Batting: SHB Marcos Roa 0-0: DOUBLE (Flyball, 89XD)
Rick Mayfield scores
Batting: LHB Nobuo Yamashita 0-0: Ball
1-0: Called Strike
1-1: Foul Ball, location: 2F
1-2: Ball
2-2: Strikes out swinging
Batting: LHB Chris Etheridge 0-0: Ground out 4-3 (Groundball, 4)
Bottom of the 6th over - 1 run, 2 hits, 0 errors, 1 left on base; Montana 4 - Ft. Worth 5
TOP OF THE 7TH
Montana Pandas batting - Pitching for Ft. Worth Cattlemen : RHP Sukejuro Yokoyama
Batting: LHB Chris McKinney 0-0: Ball
1-0: Ground out U3 (Groundball, 34S)
Batting: RHB Phil Sherman 0-0: Fly out, F7 (Flyball, 7)
Batting: RHB Willis Kirkendall 0-0: Swinging Strike
0-1: Called Strike
0-2: Ball
1-2: Ball
2-2: Ball
3-2: Strikes out swinging
Top of the 7th over - 0 runs, 0 hits, 0 errors, 0 left on base; Montana 4 - Ft. Worth 5
BOTTOM OF THE 7TH
Ft. Worth Cattlemen batting - Pitching for Montana Pandas : RHP Natalino Golaio
Batting: RHB Orlando Montoya 0-0: Ball
1-0: Swinging Strike
1-1: DOUBLE (Groundball, 5L)
Batting: LHB Jesús Morales 0-0: Intentional Walk
Batting: RHB Jesús Martínez 0-0: Ball
1-0: Bunted foul
1-1: Sac Bunt - play at first, batter safe!
Orlando Montoya to third
Jesús Morales to second
Batting: RHB Bart Lewis 0-0: Foul Ball, location: 2F
0-1: Ball
1-1: Foul Ball, location: 2F
1-2: Strikes out swinging
Batting: RHB Gilberto Juárez 0-0: Foul Ball, location: 2F
0-1: Ball
1-1: Ball
2-1: Foul Ball, location: 2F
2-2: Foul Ball, location: 2F
2-2: Strikes out swinging
Batting: LHB Rick Mayfield 0-0: GRAND SLAM HOME RUN (Flyball, 8RXD), Distance : 437 ft
Pitching: RHP Tate Beason
Batting: SHB Marcos Roa 0-0: Fly out, F3 (Line Drive, 34)
Bottom of the 7th over - 4 runs, 3 hits, 0 errors, 0 left on base; Montana 4 - Ft. Worth 9
TOP OF THE 8TH
Montana Pandas batting - Pitching for Ft. Worth Cattlemen : RHP Sukejuro Yokoyama
Batting: RHB Armando Alvarado 0-0: Ball
1-0: SINGLE (Line Drive, 89S)
Batting: LHB Melvin Castro 0-0: Ball
1-0: Called Strike
1-1: Fly out, F9 (Flyball, 89M)
Batting: RHB Casey Cavell 0-0: Foul Ball, location: 2F
0-1: Ball
1-1: Ball
2-1: SINGLE (Line Drive, 78S)
Armando Alvarado to second
Batting: RHB Jay Parker 0-0: Ball
1-0: SINGLE (Flyball, 78S)
Armando Alvarado to third
Casey Cavell to second
Runner from 3rd tries for Home, SAFE, no throw
Pitching: LHP Jason Horne
Batting: RHB Bernardo Herrera 0-0: Ball
1-0: Ball
2-0: Ball
3-0: Called Strike
3-1: Base on Balls
Casey Cavell to third
Jay Parker to second
Batting: RHB Chriss Mann 0-0: Ball
1-0: Foul Ball, location: 2F
1-1: Ball
2-1: Foul Ball, location: 2F
2-2: Strikes out swinging
Batting: LHB Chris McKinney 0-0: SINGLE (Groundball, 4MD)
Casey Cavell scores
Jay Parker to third
Bernardo Herrera to second
Runner from 3rd tries for Home, SAFE, no throw
Batting: RHB Phil Sherman 0-0: Called Strike
0-1: Called Strike
0-2: Foul Ball, location: 2F
0-2: Foul Ball, location: 2F
0-2: Foul Ball, location: 2F
0-2: Ball
1-2: Strikes out looking
Top of the 8th over - 3 runs, 4 hits, 0 errors, 2 left on base; Montana 7 - Ft. Worth 9
BOTTOM OF THE 8TH
Ft. Worth Cattlemen batting - Pitching for Montana Pandas : RHP Tate Beason
Pitching: RHP José Alaniz
Batting: LHB Nobuo Yamashita 0-0: Called Strike
0-1: Ball
1-1: Ball
2-1: DOUBLE (Flyball, 89XD)
Batting: LHB Chris Etheridge 0-0: Intentional Walk
Batting: RHB Orlando Montoya 0-0: Ball
1-0: Bunted foul
1-1: Bunted foul
1-2: Fielders Choice at 2nd, 1-6 (Groundball, 13)
Nobuo Yamashita to third
Batting: LHB Jesús Morales 0-0: Called Strike
Orlando Montoya steals 2nd base
0-1: Ground out 4-3 (Groundball, 34D)
Batting: RHB Jesús Martínez 0-0: Foul Ball, location: 2F
0-1: Foul Ball, location: 2F
0-2: SINGLE (Groundball, 56D)
Nobuo Yamashita scores
Orlando Montoya to third
Runner from 3rd tries for Home, throw and OUT!
Bottom of the 8th over - 1 run, 2 hits, 0 errors, 1 left on base; Montana 7 - Ft. Worth 10
TOP OF THE 9TH
Montana Pandas batting - Pitching for Ft. Worth Cattlemen : LHP Bartolomeu Lio
Pitching: LHP Bartolomeu Lio
Batting: RHB Willis Kirkendall 0-0: Called Strike
0-1: Ball
1-1: Fly out, F9 (Flyball, 9)
Batting: RHB Armando Alvarado 0-0: Called Strike
0-1: Ball
1-1: Ball
2-1: Foul Ball, location: 2F
2-2: Ball
3-2: Fly out, F8 (Flyball, 8LD)
Batting: LHB Melvin Castro 0-0: Foul Ball, location: 2F
0-1: Ball
1-1: Ball
2-1: Foul Ball, location: 2F
2-2: SOLO HOME RUN (Flyball, 9LD), Distance : 340 ft
Pitching: LHP Asher Spivey
Batting: RHB Casey Cavell 0-0: Ball
1-0: Foul Ball, location: 2F
1-1: Ball
2-1: Ball
3-1: Ground out 5-3 (Groundball, 56)
Top of the 9th over - 1 run, 1 hit, 0 errors, 0 left on base; Montana 8 - Ft. Worth 10
Sunday, March 18th, 2018 - OOTP Baseball 18.8 Build 76